 Dungeon Crawl Stone Soup version 0.31-a0-435-g2c6fae2916 (webtiles) character file.

Game seed: 555505358038345645

10665 CraigForest the Spear-Bearer (level 11, -7/77 HPs)
             Began as a Formicid Fighter on Aug 2, 2023.
             Was a Believer of Hepliaklqana.
             Mangled by a white ugly thing (51 damage)
             ... on level 11 of the Dungeon.
             The game lasted 00:38:54 (9428 turns).

CraigForest the Spear-Bearer (Formicid Fighter)     Turns: 9428, Time: 00:38:55

Health: -7/77      AC: 17    Str: 32    XL:     11   Next: 97%
Magic:  11/11      EV: 15    Int: 16    God:    Hepliaklqana [**....]
Gold:   680        SH: 11    Dex: 19    Spells: 10/10 levels left

rFire   + + +        D - +1 bardiche "Vepteyna" {elec, rF+ Int+3 Dex-5}
rCold   x . .        c - +0 buckler
rNeg    . . .        B - +2 scale mail {rF+}
rPois   +            (helmet unavailable)
rElec   .            i - +1 cloak of Gaoll {rCorr}
rCorr   +            x - +2 pair of gloves
SInv    +            e - +0 pair of boots
Will    +....        F - amulet of the Failed Coup {Reflect Dex+3 SH+5 Stlth+}
Stlth   ++           G - ring of Symmetry {Drain rF+ EV+5 Int+4 Dex+3}
HPRegen 0.32/turn    n - ring of the City {rPois rC- Str+6 Int+2 Dex+5}
MPRegen 0.12/turn

%: reflection
@: no status effects
A: reduced essence, permanent stasis, dig shafts and tunnels, antennae 3, four
strong arms, mutation resistance 1, noise suppression
a: Dig, Shaft Self, Renounce Religion, Recall Ancestor, Ancestor Identity


You were on level 11 of the Dungeon.
You worshipped Hepliaklqana.
Hepliaklqana was pleased with you.
You visited 2 branches of the dungeon, and saw 12 of its levels.
You also visited: Bailey.

You collected 680 gold pieces.

Inventory:

Hand Weapons
 a - a +0 trident
 d - a +9 broad axe of freezing
 f - a +0 heavy quarterstaff
 s - a +0 hand axe of flaming
 w - a +1 halberd
 D - the +1 bardiche "Vepteyna" (weapon) {elec, rF+ Int+3 Dex-5}
   (You acquired it in a bailey)

   Int:       It affects your intelligence (+3).
   Dex:       It affects your dexterity (-5).
   rF:        It protects you from fire.
 L - the +6 shillelagh "Devastator" {shatter}
   (You found it on level 9 of the Dungeon)
 R - a +2 demon trident
Missiles
 o - 7 javelins
 C - 12 boomerangs
 P - 15 poisoned darts
Armour
 b - a +0 scale mail
 c - a +0 buckler (worn)
 e - a +0 pair of boots (worn)
 i - the +1 cloak of Gaoll (worn) {rCorr}
   (You found it on level 3 of the Dungeon)

   rCorr:     It protects you from acid and corrosion.
 r - a +0 cloak
 x - a +2 pair of gloves (worn)
 z - the +2 ratskin cloak {*Rats rPois rN+ Str-1 Int-1 Dex+1}
   (You found it on level 7 of the Dungeon)

   *Rats:     When the wearer is hurt, rats may emerge from it to assist them.
   Str:       It affects your strength (-1).
   Int:       It affects your intelligence (-1).
   Dex:       It affects your dexterity (+1).
   rPois:     It protects you from poison.
   rN:        It protects you from negative energy.
 B - a +2 scale mail of fire resistance (worn)
Jewellery
 n - the ring of the City (right hand) {rPois rC- Str+6 Int+2 Dex+5}
   (You found it on level 10 of the Dungeon)

   [ring of strength]

   Str:       It affects your strength (+6).
   Int:       It affects your intelligence (+2).
   Dex:       It affects your dexterity (+5).
   rC:        It makes you vulnerable to cold.
   rPois:     It protects you from poison.
 F - the amulet of the Failed Coup (around neck) {Reflect Dex+3 SH+5 Stlth+}
   (You acquired it in a bailey)

   [amulet of reflection]

   It reflects blocked missile attacks.
   Dex:       It affects your dexterity (+3).
   SH:        It affects your SH (+5).
   Stlth:     It makes you more stealthy.
 G - the ring of Symmetry (left hand) {Drain rF+ EV+5 Int+4 Dex+3}
   (You acquired it in a bailey)

   [ring of evasion]

   EV:        It affects your evasion (+5).
   Int:       It affects your intelligence (+4).
   Dex:       It affects your dexterity (+3).
   rF:        It protects you from fire.
   Drain:     It drains your maximum health when unequipped.
 I - an amulet of the acrobat
 N - an amulet of reflection
 Q - a ring of fire
Talismans
 h - a beast talisman
Wands
 q - a wand of flame (22) (quivered)
 v - a wand of iceblast (6)
 H - a wand of mindburst (15)
 K - a wand of light (5)
Scrolls
 l - a scroll of revelation
 m - 3 scrolls of enchant armour
 y - 2 scrolls of poison
 A - 4 scrolls of enchant weapon
 J - a scroll of fog
Potions
 g - 3 potions of brilliance
 j - 2 potions of heal wounds
 k - a potion of cancellation
 p - 2 potions of degeneration
 t - 7 potions of curing
 E - a potion of mutation
 M - a potion of resistance
 O - a potion of berserk rage {unknown}
Miscellaneous
 u - a phantom mirror


   Skills:
 + Level 8.1 Fighting
 * Level 14.7 Polearms
 + Level 8.7 Armour
 + Level 2.6 Stealth
 - Level 5.0 Shields
 + Level 1.0 Evocations


You had 10 spell levels left.
You didn't know any spells.
Your spell library contained the following spells:

 Spells                   Type           Power      Damage    Failure   Level
 Magic Dart               Conj           0%         1d3       45%         1
 Call Imp                 Summ           0%         N/A       61%         2
 Poisonous Vapours        Pois/Air       0%         N/A       61%         2
 Searing Ray              Conj           0%         2d4       61%         2
 Sublimation of Blood     Necr           0%         N/A       61%         2
 Call Canine Familiar     Summ           0%         N/A       83%         3
 Mephitic Cloud           Conj/Pois/Air  0%         N/A       83%         3
 Portal Projectile        Hex/Tloc       0%         N/A       83%         3
 Fulminant Prism          Conj/Hex       0%         3d5       99%         4
 Leda's Liquefaction      Hex/Erth       0%         N/A       99%         4
 Petrify                  Tmut/Erth      0%         N/A       99%         4
 Freezing Cloud           Conj/Ice/Air   0%         6-21      100%        5
 Irradiate                Conj/Tmut      0%         3d11      100%        5


Dungeon Overview and Level Annotations

Branches:
Dungeon (11/15)            Temple (1/1) D:6            Lair (0/5) D:9
 Bailey (visited)
    Orc: D:9-12

Altars:
Ashenzari
Cheibriados
Dithmenos
Elyvilon
Fedhas
Gozag
Hepliaklqana
Kikubaaqudgha
Makhleb
Nemelex Xobeh
Okawaru
Qazlal
Ru
Sif Muna
Trog
Uskayaw
Vehumet
Wu Jian
Xom
Yredelemnul
Zin
The Shining One

Shops:
D:8 :


Innate Abilities, Weirdness & Mutations

Your life essence is reduced to manifest your ancestor. (-10% HP)
You cannot be hasted, slowed, berserked, paralysed or teleported.
You can dig through walls and to a lower floor.
You have a pair of large antennae on your head. (SInv)
Your four strong arms can wield two-handed weapons with a shield.
You are somewhat resistant to further mutation.
You passively dampen the noise of your surroundings.


Message History

You destroy the vampire mosquito!
Found 20 gold pieces.
A troll comes into view.
Found a grey potion.
The troll shouts!
A cyclops comes into view.
Found a stone staircase leading up.
You see here an amulet of magic regeneration.
You reach to attack!
You barely miss the troll. You slice the troll!!
The troll is heavily wounded.
Servius hits the troll with a +0 flail!
You block the troll's attack. x2
The troll claws you but does no damage. The troll bites you.
The troll barely misses you. x2
You slash the troll!
You kill the troll!
You reach to attack!
You hit the cyclops.
The cyclops is lightly wounded.
Servius hits the cyclops with a +0 flail!
The cyclops throws a large rock.
The large rock hits you!!
You reach to attack!
You slice the cyclops!!
The cyclops is severely wounded.
Servius hits the cyclops with a +0 flail!
The cyclops dies!
A white ugly thing comes into view.
You swap places.
The white ugly thing kicks you but does no damage.
You closely miss the white ugly thing.
Servius hits the white ugly thing with a +0 flail!
The white ugly thing kicks you but does no damage.
You slice the white ugly thing!!
Lightning courses through the white ugly thing!
The white ugly thing is severely wounded.
You block the white ugly thing's attack.
You slash the white ugly thing!
The white ugly thing is almost dead.
Servius misses the white ugly thing.
The white ugly thing kicks you. The white ugly thing freezes you!!!
You feel a terrible chill!
Ouch! That really hurt!
You die...

#.)<.......
#.#.#####.#..## #.#.#
#.#...## #.#.# #.#.#..
#######.#.#####.#..#
#.[...........#....#
#............"†....##
#.....>........(R...####
#.......†.......@u!<....
#.......................
#..[...........$......##
#.................#..##
#####....##..........#
#.##)###........... #.
.# #..##..###..# #..
..## #..


You could see the friendly Servius the knight and a white ugly thing (ally
target).

Vanquished Creatures
  An orc warlord (Bailey)
  Urug (D:11)
  Pikel (D:6)
  A cyclops (D:9)
  3 kobold demonologists (D:10)
  A komodo dragon (D:10)
  2 trolls
  4 wyverns
  A wraith (D:8)
  A shadow (D:10)
  A vampire (D:10)
  3 vampire mosquitoes (D:11)
  3 wargs (D:9)
  3 water moccasins
  10 orc warriors
  A black bear (D:7)
  2 ogres
  A phantom (D:4)
  A centaur (D:5)
  3 kobold brigands
  3 bullfrogs
  5 wights (D:9)
  2 scorpions
  10 killer bees
  2 howler monkeys
  9 orc priests
  Crazy Yiuf (D:7)
  A jelly (D:5)
  9 hounds
  An iguana (D:6)
  17 orc wizards
  12 gnolls
  7 adders
  2 white imps
  A worm (D:2)
  4 dart slugs
  45 orcs
  7 endoplasms
  9 goblins
  13 hobgoblins
  5 jackals
  3 quokkas
  5 ball pythons
  5 bats
  3 frilled lizards
  26 kobolds
  2 rats (D:2)
253 creatures vanquished.

Vanquished Creatures (collateral kills)
  A cyclops (D:11)
  A wraith (D:11)
  An orc warrior (Bailey)
  2 kobold brigands (D:10)
  2 wights (D:9)
  A killer bee (D:10)
  4 orcs
  3 kobolds
15 creatures vanquished.

Vanquished Creatures (others)
  An ancestor (D:9)
  A knight (D:10)
2 creatures vanquished.

Grand Total: 270 creatures vanquished

Notes
Turn   | Place    | Note
-------+----------+-------------------------------------------
     0 | D:1      | CraigForest the Formicid Fighter began the quest for the
                  | Orb.
     0 | D:1      | Reached XP level 1. HP: 18/18 MP: 1/1
    78 | D:1      | Reached XP level 2. HP: 17/24 MP: 2/2
   198 | D:1      | Found a faded altar of an unknown god.
   654 | D:2      | Reached XP level 3. HP: 29/29 MP: 3/3
  1499 | D:3      | Reached skill level 3 in Polearms
  1499 | D:3      | Reached XP level 4. HP: 36/36 MP: 4/4
  1519 | D:3      | Identified the +1 cloak of Gaoll {rCorr}
  1717 | D:3      | Found an ornate altar of the Wu Jian Council.
  1873 | D:3      | HP: 1/37 [kobold/+0 short sword (3)]
  1874 | D:3      | Reached XP level 5. HP: 1/42 MP: 5/5
  2065 | D:4      | Noticed a phantom
  2076 | D:4      | Killed a phantom
  2077 | D:4      | Reached skill level 4 in Polearms
  2077 | D:4      | Reached XP level 6. HP: 37/48 MP: 6/6
  2089 | D:4      | Noticed an ogre
  2108 | D:4      | Reached skill level 5 in Shields
  2113 | D:4      | Killed an ogre
  2114 | D:4      | Reached skill level 5 in Armour
  2291 | D:3      | Reached XP level 7. HP: 45/55 MP: 7/7
  2752 | D:4      | Found a blossoming altar of Fedhas.
  2808 | D:5      | Entered Level 5 of the Dungeon
  2814 | D:5      | Gained mutation: You are strong-willed. (Will+) [potion of
                  | mutation]
  2814 | D:5      | Gained mutation: Your body sometimes deteriorates upon
                  | taking damage. [potion of mutation]
  2814 | D:5      | Gained mutation: You are somewhat resistant to further
                  | mutation. [potion of mutation]
  2816 | D:5      | Lost mutation: You are strong-willed. (Will+) [potion of
                  | mutation]
  2816 | D:5      | Lost mutation: Your body sometimes deteriorates upon taking
                  | damage. [potion of mutation]
  2816 | D:5      | Gained mutation: You passively dampen the noise of your
                  | surroundings. [potion of mutation]
  2863 | D:5      | Reached skill level 5 in Polearms
  2920 | D:5      | Identified the +2 shortbow of Ashenzari's Envy {heavy,
                  | rCorr Str+2}
  3269 | D:5      | Reached skill level 5 in Fighting
  3302 | D:5      | Found a sparkling altar of Nemelex Xobeh.
  3322 | D:5      | Reached XP level 8. HP: 61/62 MP: 8/8
  3356 | D:5      | Reached skill level 6 in Polearms
  3672 | D:5      | Reached skill level 7 in Polearms
  4218 | D:6      | Noticed a wyvern
  4231 | D:6      | Killed a wyvern
  4343 | D:6      | Noticed Pikel
  4364 | D:6      | Killed Pikel
  4365 | D:6      | Reached skill level 8 in Polearms
  4365 | D:6      | Reached XP level 9. HP: 21/69 MP: 9/9
  4804 | D:6      | Found an iron altar of Okawaru.
  4835 | D:6      | Reached skill level 9 in Polearms
  5184 | D:6      | Found a staircase to the Ecumenical Temple.
  5189 | Temple   | Entered the Ecumenical Temple
  5197 | Temple   | Became a worshipper of Hepliaklqana the Forgotten
  5489 | D:7      | Reached skill level 1 in Evocations
  5618 | D:7      | Found a white marble altar of Elyvilon.
  5658 | D:7      | Found the +2 ratskin cloak {*Rats rPois rN+ Str-1 Int-1
                  | Dex+1}
  5744 | D:7      | Reached skill level 10 in Polearms
  5785 | D:7      | Found an opulent altar of Gozag.
  5786 | D:7      | Found a bloodstained altar of Trog.
  5787 | D:7      | Found a snail-covered altar of Cheibriados.
  5876 | D:7      | Found a runed translucent door.
  5877 | D:7      | Noticed Crazy Yiuf
  5882 | D:7      | Killed Crazy Yiuf
  6075 | D:7      | Reached XP level 10. HP: 77/77 MP: 10/10
  6076 | D:7      | Found a flagged portal.
  6086 | Bailey   | Entered a bailey
  6091 | Bailey   | Noticed an orc warlord
  6192 | Bailey   | Acquired the +1 bardiche "Vepteyna" {elec, rF+ Int+3 Dex-5}
  6197 | Bailey   | Found a runed translucent gate.
  6199 | Bailey   | Found a runed translucent gate.
  6201 | Bailey   | Found a runed translucent gate.
  6355 | Bailey   | Killed an orc warlord
  6356 | Bailey   | Reached skill level 11 in Polearms
  6373 | Bailey   | Identified the +0 chain mail of Negligence {Harm}
  6514 | Bailey   | Acquired the ring of Symmetry {Drain rF+ EV+5 Int+4 Dex+3}
  6518 | Bailey   | Acquired the amulet of the Failed Coup {Reflect Dex+3 SH+5
                  | Stlth+}
  7054 | D:8      | Reached * piety under Hepliaklqana
  7178 | D:8      | Found Dyjaifem's Book Emporium.
  7232 | D:8      | Reached skill level 12 in Polearms
  7273 | D:8      | Reached skill level 1 in Stealth
  7820 | D:9      | Found the +6 shillelagh "Devastator" {shatter}
  7825 | D:9      | Noticed a cyclops
  7834 | D:9      | Killed a cyclops
  7835 | D:9      | Reached XP level 11. HP: 53/75 MP: 11/11
  8148 | D:9      | Reached skill level 13 in Polearms
  8219 | D:9      | Found a staircase to the Lair.
  8507 | D:10     | Entered Level 10 of the Dungeon
  8531 | D:10     | Reached ** piety under Hepliaklqana
  8532 | D:10     | Remembered your ancestor Servius as a knight
  8827 | D:10     | Identified the ring of the City {rPois rC- Str+6 Int+2
                  | Dex+5}
  8946 | D:10     | Reached skill level 14 in Polearms
  9265 | D:11     | Noticed Urug
  9275 | D:11     | Killed Urug
  9415 | D:11     | Noticed a cyclops
  9422 | D:11     | Killed a cyclops
  9422 | D:11     | Noticed a white ugly thing
  9428 | D:11     | Mangled by a white ugly thing

Illustrated notes

Levels and vault maps discovered:
D:1:      noname_arrival_rooms_in_the_neighbourhood, layout_rooms,
          hellmonk_ecumenical_altar_arch_garden
D:2:      layout_basic, minmay_pentomino_v2
D:3:      layout_rooms, nicolae_wu_jian_immortal_techniques,
          chequers_serial_rivers_marsh, hangedman_decor_riveting
D:4:      layout_rooms, marbit_many_paths, minmay_checkerbox
D:5:      layout_basic, nemelex_dance_club_becter
D:6:      layout_basic, okawaru_trees_2, minmay_temple_entry_wispy, uniq_pikel
D:7:      layout_basic, mainiacjoe_overflow_alcove_1,
          chequers_temple_overflow_statue_of_worship, enter_bailey_2,
          amethyst_killhole, uniq_crazy_yiuf_cottage
D:8:      layout_basic, serial_shops, shop
D:9:      layout_irregular_city, erik_lair_orcish_takeover,
          minmay_sticks_and_stones
D:10:     layout_roguey
D:11:     layout_rooms, serial_shops, shop, nicolae_yredelemnul_ghost_church,
          uniq_urug
Temple:   nicolae_temple_two_arcs

Skill      XL: |  1  2  3  4  5  6  7  8  9 10 11 |
---------------+----------------------------------+-----
Polearms       | 3 4 5 8 10 12 14 | 14.7
Armour         | 4 5 6 7 8 |  8.7
Fighting       | 4 5 6 7 8 |  8.1
Shields        | 5 |  5.0
Evocations     | 1 |  1.0
Stealth        | 1 2 |  2.6

Action                     |  1- 3 |  4- 6 |  7- 9 | 10-12 || total
---------------------------+-------+-------+-------+-------++-------
  Melee: Trident           |   110 |       |       |       ||   110
         Quarterstaff      |    15 |    90 |    29 |       ||   134
         Halberd           |       |       |   286 |    43 ||   329
         Bardiche          |       |       |       |   271 ||   271
 Invoke: Ancestor Life: Kn |       |       |       |     1 ||     1
  Evoke: Wand              |       |       |     5 |       ||     5
    Use: Scroll            |     1 |       |     9 |    15 ||    25
         Potion            |       |       |     3 |     2 ||     5
   Stab: Distracted        |       |       |       |     4 ||     4
         Sleeping          |       |       |       |     2 ||     2
 Armour: Scale mail        |    78 |    80 |   199 |   115 ||   472
  Dodge: Dodged            |    76 |    88 |   150 |   209 ||   523
  Block: Buckler           |    33 |    32 |    69 |   166 ||   300
         Reflection        |       |       |       |     4 ||     4

Table legend: (Time is in decaauts)
 A = Elapsed time spent in this place.
 B = Non-inter-level travel time spent in this place.
 C = Inter-level travel time spent in this place.
 D = Time resting spent in this place.
 E = Time spent auto-exploring this place.
 F = Levels seen in this place.
 G = Mean time per level.
                   A        B        C        D        E       F      G
               +--------+--------+--------+--------+--------+-----+--------+
         Total |   9683 |   9412 |    271 |   1111 |   5556 |  13 |  744.8 |
       Dungeon |   9205 |   8948 |    257 |    946 |   5553 |  11 |  836.8 |
        Temple |     16 |      2 |     14 |      0 |      0 |   1 |   16.0 |
        Bailey |    461 |    461 |      0 |    165 |      3 |   1 |  461.0 |
               +--------+--------+--------+--------+--------+-----+--------+

Top non-repeatable levels by time:
     D:5: 1426 daAuts
     D:6: 1265 daAuts
     D:8: 1037 daAuts
     D:9: 916 daAuts
     D:2: 853 daAuts
     D:4: 737 daAuts
    D:10: 733 daAuts
     D:3: 697 daAuts
     D:7: 673 daAuts
     D:1: 659 daAuts
  Bailey: 461 daAuts
    D:11: 205 daAuts
  Temple: 16 daAuts
